 Dungeon Crawl Stone Soup version 0.29-a0-517-gbdf32494f2 (webtiles) character file.

Game seed: 3342800126288956513

93 purpskrrrp the Ruffian (level 4, -3/44 HPs)
             Began as a Troll Monk on May 30, 2022.
             Killed from afar by an orc wizard (8 damage)
             ... with a puff of flame
             ... on level 2 of the Dungeon.
             The game lasted 00:05:48 (1058 turns).

purpskrrrp the Ruffian (Troll Monk)                 Turns: 1058, Time: 00:05:49

Health: -3/44      AC:  4    Str: 21    XL:     4   Next: 37%
Magic:  3/3        EV: 10    Int:  6    God:
Gold:   61         SH:  0    Dex: 12    Spells: 3/3 levels left

rFire   . . .      SeeInvis .     - Unarmed
rCold   . . .      Faith    .   (no shield)
rNeg    . . .      Spirit   .   a - +0 robe
rPois   .          Reflect  .   (helmet restricted)
rElec   .          Harm     .   (no cloak)
rCorr   .          Rampage  .   (gloves unavailable)
Will    .....                   (boots unavailable)
Stlth   ++........              (no amulet)
HPRegen 0.94/turn               (no ring)
MPRegen 0.08/turn               (no ring)

@: no status effects
A: large, unfitting armour, claws 3, regeneration 1, shaggy fur 1, tough skin 1
a: no special abilities


You were on level 2 of the Dungeon.
You visited 1 branch of the dungeon, and saw 2 of its levels.

You collected 61 gold pieces.

Inventory:

Missiles
 e - 5 boomerangs (quivered)
 h - 5 poisoned darts
Armour
 a - a +0 robe (worn)
 f - a +0 plate armour
Scrolls
 c - 2 scrolls of silence {unknown}
 g - a scroll of identify {unknown}
 i - a scroll of amnesia {unknown}
 j - a scroll of enchant weapon {unknown}
Potions
 b - a potion of ambrosia
 d - 2 potions of mutation {unknown}


   Skills:
 + Level 2.8 Fighting
 + Level 2.9 Dodging
 - Level 1.0 Stealth
 * Level 4.5 Unarmed Combat


You had 3 spell levels left.
You didn't know any spells.
Your spell library was empty.

Dungeon Overview and Level Annotations

Branches:
Dungeon (2/15)

Altars:


Innate Abilities, Weirdness & Mutations

You are too large for most types of armour.
You have claws for hands.
Your natural rate of healing is unusually fast.
You are covered in fur. (AC +1)
You have tough skin. (AC +1)


Message History

You scratch the orc priest.
The orc priest is almost dead.
The orc priest barely misses you.
You scratch the orc priest but do no damage.
The orc priest is almost dead.
The orc priest looks satisfied for a moment.
You scratch the orc priest.
You kill the orc priest!
You have reached level 4!
Throw: 5 boomerangs
Press: ? - help, Q - select action, (/) - cycle Shift-Dir - straight line, f - orc
Aim: an orc, wielding a +0 club (57% to hit)
You throw a boomerang.
The boomerang completely misses the orc.
Something hits you.
* * * LOW HITPOINT WARNING * * *
Throw: 5 boomerangs
Press: ? - help, Q - select action, (/) - cycle Shift-Dir - straight line, f/p - orc
Aim: an orc, wielding a +0 club (57% to hit)
You throw a boomerang.
The boomerang hits the orc but does no damage.
Something hits you.
* * * LOW HITPOINT WARNING * * *
Something hits you.
* * * LOW HITPOINT WARNING * * *
Something hits you.
* * * LOW HITPOINT WARNING * * *
Something hits you.
* * * LOW HITPOINT WARNING * * *
You closely miss something. Something hits you but does no damage.
You barely miss something. Something hits you but does no damage.
You barely miss something. You closely miss something. Something hits you.
* * * LOW HITPOINT WARNING * * *
You barely miss something. Something hits you but does no damage.
You miss something.
An orc wizard appears from thin air!
Reactivating autopickup.
The orc wizard casts a spell at you. The puff of flame hits you!
You die...

#.#..........#
#.#.##.......#
#.# #.<#.##### #
#.# #..#.# #. #[#
#..#.#
#.#.#.####.#
#...#......#
##..####..#####
.$..#......@oo##
####...#######..#
#.. ##$⌠$###.#
#..##.....##.#
#..#.......#)#
#..#.......#.#
#.......#.#
#.......#.# #
#.....{.#.#


You could see an orc wizard and an orc.

Vanquished Creatures
  An orc priest (D:2)
  An adder (D:2)
  A gnoll (D:1)
  A dart slug (D:1)
  4 orcs (D:2)
  4 ball pythons
  6 endoplasms
  3 giant cockroaches (D:1)
  A goblin (D:1)
  A hobgoblin (D:2)
  2 quokkas
  4 bats
  2 frilled lizards (D:1)
  3 kobolds (D:2)
  5 rats
39 creatures vanquished.

Vanquished Creatures (others)
  3 plants (D:1)
3 creatures vanquished.

Grand Total: 42 creatures vanquished

Notes
Turn   | Place    | Note
-------+----------+-------------------------------------------
     0 | D:1      | purpskrrrp the Troll Monk began the quest for the Orb.
     0 | D:1      | Reached XP level 1. HP: 22/22 MP: 0/0
   185 | D:1      | Reached XP level 2. HP: 29/29 MP: 1/1
   533 | D:1      | Reached XP level 3. HP: 36/36 MP: 2/2
   736 | D:1      | You fall into a shaft and drop 1 floor!
   860 | D:2      | Found a faded altar of an unknown god.
   897 | D:2      | Reached skill level 4 in Unarmed Combat
  1041 | D:2      | HP: 1/36 [orc priest/+0 club (4)]
  1047 | D:2      | Reached XP level 4. HP: 7/44 MP: 3/3
  1048 | D:2      | HP: 2/44 [something (2)]
  1058 | D:2      | Killed from afar by an orc wizard

Illustrated notes

Levels and vault maps discovered:
D:1:      matt_arrival_diagonals, layout_loops_ring, serial_forest,
          infiniplex_forest_zigzag_2, infiniplex_forest_straight_2,
          infiniplex_forest_clump_long, infiniplex_forest_clump_tiny,
          infiniplex_forest_lined_corner, infiniplex_forest_straight_5,
          infiniplex_forest_clump_long
D:2:      cheibrodos_pilgrimage, layout_basic, ebering_ecumenical_altar_rust

Skill      XL: |  1  2  3 |
---------------+----------+-----
Unarmed Combat | 4 |  4.5
Fighting       | |  2.8
Dodging        | |  2.9
Stealth        | |  1.0

Action                   |  1- 3 |  4- 6 || total
-------------------------+-------+-------++-------
Melee: Unarmed           |   112 |     6 ||   118
Throw: Boomerang         |       |     2 ||     2
Armor: Robe              |    41 |     3 ||    44
Dodge: Dodged            |    62 |       ||    62

Table legend: (Time is in decaauts)
 A = Elapsed time spent in this place.
 B = Non-inter-level travel time spent in this place.
 C = Inter-level travel time spent in this place.
 D = Time resting spent in this place.
 E = Time spent auto-exploring this place.
 F = Levels seen in this place.
 G = Mean time per level.
                   A        B        C        D        E       F      G
               +--------+--------+--------+--------+--------+-----+--------+
         Total |   1050 |   1038 |     12 |      0 |    493 |   2 |  525.0 |
       Dungeon |   1050 |   1038 |     12 |      0 |    493 |   2 |  525.0 |
               +--------+--------+--------+--------+--------+-----+--------+

Top non-repeatable levels by time:
     D:1: 732 daAuts
     D:2: 318 daAuts
